PBL
SOUTHERN MARYLAND BLUE CRABS @ CHESTER PIRATES
07/31/2049
 
TOP OF THE 1ST
Southern Maryland Blue Crabs batting - Pitching for Chester Pirates : LHP Herb Achbar
Pitching: LHP Herb Achbar
Batting: RHB Eddie Morin 0-0: Swinging Strike
0-1: Ball
1-1: Ball
2-1: Foul Ball, location: 2F
2-2: Foul Ball, location: 2F
2-2: Foul Ball, location: 2F
2-2: Strikes out swinging
Batting: RHB Oscar Chapa 0-0: Called Strike
0-1: Swinging Strike
0-2: Foul Ball, location: 2F
0-2: Ball
1-2: Ball
2-2: Fly out, F9 (Line Drive, 9S, EV 90.0 MPH)
Batting: LHB Stu Proulx 0-0: Ball
1-0: Swinging Strike
1-1: Foul Ball, location: 2F
1-2: Ground out 4-3 (Groundball, 34D, EV 81.2 MPH)
Top of the 1st over - 0 runs, 0 hits, 0 errors, 0 left on base; Southern Maryland 0 - Chester 0
BOTTOM OF THE 1ST
Chester Pirates batting - Pitching for Southern Maryland Blue Crabs : LHP Jim Walker
Pitching: LHP Jim Walker
Batting: RHB Edwardo Tanchez 0-0: Ball
1-0: Ball
2-0: Called Strike
2-1: Foul Ball, location: 2F
2-2: Strikes out swinging
Batting: RHB Rafael Galicia 0-0: Called Strike
0-1: Ball
1-1: Ball
2-1: SOLO HOME RUN (Flyball, 7D, EV 95.6 MPH), Distance : 392 ft
Batting: SHB Mike Corley 0-0: DOUBLE (Flyball, 78XD, EV 106.9 MPH)
Batting: RHB Bob Buckler 0-0: SINGLE (Groundball, 56D, EV 100.6 MPH)
Mike Corley to third
Runner from 3rd tries for Home, SAFE, throw by LF to home
Batting: RHB Joe Stepnowski 0-0: SINGLE (Line Drive, 7S, EV 105.6 MPH)
Bob Buckler to second
Batting: RHB William Lindsey 0-0: Foul Ball, location: 2F
0-1: Ball
1-1: Foul Ball, location: 2F
1-2: Reached on error, E5 (Groundball, 56, EV 91.9 MPH)
Bob Buckler to third
Joe Stepnowski to second
Batting: SHB Thad Shearing 0-0: Fielders Choice at 2nd, 6-4 (Groundball, 56, EV 106.2 MPH)
Bob Buckler scores
Joe Stepnowski to third
Batting: RHB Freddy Mulholland 0-0: Swinging Strike
0-1: Ground out 4-3 (Groundball, 34S, EV 80.6 MPH)
Bottom of the 1st over - 3 runs, 4 hits, 1 error, 2 left on base; Southern Maryland 0 - Chester 3
TOP OF THE 2ND
Southern Maryland Blue Crabs batting - Pitching for Chester Pirates : LHP Herb Achbar
Batting: RHB Dou-wan Pan 0-0: Fly out, F8 (Line Drive, 8LM, EV 86.9 MPH)
Batting: RHB Hsui-chen Yang 0-0: Ball
1-0: Ball
2-0: Foul Ball, location: 2F
2-1: Called Strike
2-2: Ball
3-2: Strikes out swinging, 2-3 out at first.
Batting: RHB John Lowe 0-0: Foul Ball, location: 2F
0-1: Ground out 3-1 (Groundball, 34S, EV 63.8 MPH)
Top of the 2nd over - 0 runs, 0 hits, 0 errors, 0 left on base; Southern Maryland 0 - Chester 3
BOTTOM OF THE 2ND
Chester Pirates batting - Pitching for Southern Maryland Blue Crabs : LHP Jim Walker
Batting: LHB Sean Driscoll 0-0: Ball
1-0: Called Strike
1-1: Foul Ball, location: 2F
1-2: Ball
2-2: SINGLE (Flyball, 6MD, EV 91.9 MPH)
Batting: RHB Edwardo Tanchez 0-0: Called Strike
0-1: Ball
1-1: Ball
2-1: Ball
3-1: Swinging Strike
3-2: Strikes out swinging
Batting: RHB Rafael Galicia 0-0: Foul Ball, location: 2F
0-1: Called Strike
0-2: Ball
1-2: Foul Ball, location: 2F
1-2: SINGLE (Groundball, 56D, EV 98.1 MPH)
Sean Driscoll to second
Batting: SHB Mike Corley 0-0: Ball
1-0: Ball
2-0: Fielders Choice at 2nd, 5-4 (Groundball, 56, EV 85.6 MPH)
Sean Driscoll to third
Batting: RHB Bob Buckler 0-0: Foul Ball, location: 2F
0-1: Ball
1-1: Ball
2-1: Swinging Strike
2-2: Ball
3-2: Base on Balls
Mike Corley to second
Batting: RHB Joe Stepnowski 0-0: Called Strike
0-1: Ball
1-1: Called Strike
1-2: SINGLE (Groundball, 56D, EV 96.9 MPH)
Sean Driscoll scores
Mike Corley to third
Bob Buckler to second
Runner from 3rd tries for Home, SAFE, throw by LF to home
Batting: RHB William Lindsey 0-0: Called Strike
0-1: Ball
1-1: Foul Ball, location: 2F
1-2: Ball
2-2: Ground out 5-3 (Groundball, 56S, EV 90.0 MPH)
Bottom of the 2nd over - 2 runs, 3 hits, 0 errors, 2 left on base; Southern Maryland 0 - Chester 5
TOP OF THE 3RD
Southern Maryland Blue Crabs batting - Pitching for Chester Pirates : LHP Herb Achbar
Batting: SHB John Hiles 0-0: Called Strike
0-1: Ball
1-1: Swinging Strike
1-2: Strikes out swinging
Batting: RHB Andy Valenzuela 0-0: Foul Ball, location: 2F
0-1: Called Strike
0-2: Strikes out swinging
Batting: RHB Adam Cooper 0-0: Called Strike
0-1: Ball
1-1: Ball
2-1: Ball
3-1: Base on Balls
Batting: RHB Eddie Morin 0-0: Ball
1-0: Fielders Choice at 2nd, 6-4 (Groundball, 6, EV 99.4 MPH)
Top of the 3rd over - 0 runs, 0 hits, 0 errors, 1 left on base; Southern Maryland 0 - Chester 5
BOTTOM OF THE 3RD
Chester Pirates batting - Pitching for Southern Maryland Blue Crabs : LHP Jim Walker
Batting: SHB Thad Shearing 0-0: Ball
1-0: Ball
2-0: Called Strike
2-1: Ground out 6-3 (Groundball, 4MD, EV 105.0 MPH)
Batting: RHB Freddy Mulholland 0-0: Swinging Strike
0-1: Ball
1-1: Single, Error in OF, E8, batter to second base (Line Drive, 78M, EV 97.5 MPH)
Batting: LHB Sean Driscoll 0-0: Ball
1-0: Called Strike
1-1: Ball
2-1: SINGLE (Groundball, 4MD, EV 104.4 MPH)
Freddy Mulholland to third
Runner from 3rd tries for Home, SAFE, throw by CF to home
Batting: RHB Edwardo Tanchez 0-0: Swinging Strike
0-1: Ball
1-1: Swinging Strike
1-2: Strikes out swinging
Batting: RHB Rafael Galicia 0-0: Called Strike
0-1: Ball
1-1: Fly out, F4 (Popup, 4, EV 66.2 MPH)
Bottom of the 3rd over - 1 run, 2 hits, 1 error, 1 left on base; Southern Maryland 0 - Chester 6
TOP OF THE 4TH
Southern Maryland Blue Crabs batting - Pitching for Chester Pirates : LHP Herb Achbar
Batting: RHB Oscar Chapa 0-0: Ball
1-0: Ball
2-0: Foul Ball, location: 2F
2-1: Called Strike
2-2: Foul Ball, location: 2F
2-2: SOLO HOME RUN (Flyball, 9LD, EV 93.8 MPH), Distance : 350 ft
Batting: LHB Stu Proulx 0-0: Ball
1-0: Ball
2-0: Foul Ball, location: 2F
2-1: Foul Ball, location: 2F
2-2: Foul Ball, location: 2F
2-2: Strikes out looking
Batting: RHB Dou-wan Pan 0-0: Fly out, F8 (Flyball, 78M, EV 89.4 MPH)
Batting: RHB Hsui-chen Yang 0-0: SOLO HOME RUN (Flyball, 7D, EV 96.9 MPH), Distance : 384 ft
Batting: RHB John Lowe 0-0: Ball
1-0: Ball
2-0: Ball
3-0: Base on Balls
Batting: SHB John Hiles 0-0: Ball
1-0: Reached on error, E6 (Groundball, 6, EV 91.9 MPH)
John Lowe to second
Batting: RHB Andy Valenzuela 0-0: Foul Ball, location: 2F
0-1: Ball
1-1: Foul Ball, location: 2F
1-2: Ball
2-2: Foul Ball, location: 2F
2-2: Strikes out swinging
Top of the 4th over - 2 runs, 2 hits, 1 error, 2 left on base; Southern Maryland 2 - Chester 6
BOTTOM OF THE 4TH
Chester Pirates batting - Pitching for Southern Maryland Blue Crabs : LHP Jim Walker
Batting: SHB Mike Corley 0-0: Ball
1-0: Foul Ball, location: 2F
1-1: Foul Ball, location: 2F
1-2: SINGLE (Groundball, 6S, EV 68.8 MPH) (infield hit)
Batting: RHB Bob Buckler 0-0: Fly out, F9 (Line Drive, 89M, EV 100.6 MPH)
Batting: RHB Joe Stepnowski 0-0: Called Strike
0-1: Foul Ball, location: 2F
0-2: Ball
1-2: Ball
2-2: Foul Ball, location: 2F
2-2: Ball
3-2: SINGLE (Line Drive, 78M, EV 87.5 MPH)
Mike Corley to second
Mike Corley to third
Batting: RHB William Lindsey 0-0: Ball
1-0: Grounds into double play, 5-4-3 (Groundball, 56, EV 90.6 MPH)
Bottom of the 4th over - 0 runs, 2 hits, 0 errors, 1 left on base; Southern Maryland 2 - Chester 6
TOP OF THE 5TH
Southern Maryland Blue Crabs batting - Pitching for Chester Pirates : LHP Herb Achbar
Batting: RHB Adam Cooper 0-0: Ball
1-0: Ball
2-0: Called Strike
2-1: Foul Ball, location: 2F
2-2: Foul Ball, location: 2F
2-2: Strikes out swinging
Batting: RHB Eddie Morin 0-0: Swinging Strike
0-1: TRIPLE (Flyball, 89XD, EV 102.5 MPH)
Batting: RHB Oscar Chapa 0-0: Called Strike
0-1: Ball
1-1: Swinging Strike
1-2: Ground out 5-3 (Groundball, 56, EV 103.1 MPH)
Eddie Morin scores
Batting: LHB Stu Proulx 0-0: Ball
1-0: Ground out 6-3 (Groundball, 56, EV 96.2 MPH)
Top of the 5th over - 1 run, 1 hit, 0 errors, 0 left on base; Southern Maryland 3 - Chester 6
BOTTOM OF THE 5TH
Chester Pirates batting - Pitching for Southern Maryland Blue Crabs : LHP Jim Walker
Batting: SHB Thad Shearing 0-0: Swinging Strike
0-1: Ball
1-1: Swinging Strike
1-2: SINGLE (Groundball, 4M, EV 96.2 MPH)
Pitching: RHP Jim Marshall
Batting: RHB Freddy Mulholland 0-0: Foul Ball, location: 2F
0-1: Ball
1-1: Ball
2-1: Called Strike
2-2: Strikes out swinging
Batting: LHB Sean Driscoll 0-0: Called Strike
0-1: Ball
1-1: Ball
Thad Shearing steals 2nd base
2-1: Swinging Strike
2-2: Strikes out swinging
Batting: RHB Edwardo Tanchez 0-0: Ball
1-0: Ball
2-0: Called Strike
2-1: Ball
3-1: Base on Balls
Batting: RHB Rafael Galicia 0-0: Ball
1-0: Ball
2-0: SINGLE (Groundball, 4M, EV 94.4 MPH)
Thad Shearing to third
Edwardo Tanchez to second
Batting: SHB Mike Corley 0-0: Ball
1-0: Foul Ball, location: 2F
1-1: Fielders Choice at 2nd, 6-4 (Groundball, 6, EV 77.5 MPH)
Bottom of the 5th over - 0 runs, 2 hits, 0 errors, 3 left on base; Southern Maryland 3 - Chester 6
TOP OF THE 6TH
Southern Maryland Blue Crabs batting - Pitching for Chester Pirates : LHP Herb Achbar
Pitching: RHP Justin Todorovich
Batting: RHB Dou-wan Pan 0-0: Ball
1-0: Foul Ball, location: 2F
1-1: Called Strike
1-2: Ball
2-2: Strikes out swinging
Batting: RHB Hsui-chen Yang 0-0: Ball
1-0: Ground out 2-3 (Groundball, 2L, EV 72.5 MPH)
Batting: RHB John Lowe 0-0: Foul Ball, location: 2F
0-1: Fly out, F7 (Flyball, 7, EV 90.0 MPH)
Top of the 6th over - 0 runs, 0 hits, 0 errors, 0 left on base; Southern Maryland 3 - Chester 6
BOTTOM OF THE 6TH
Chester Pirates batting - Pitching for Southern Maryland Blue Crabs : RHP Jim Marshall
Batting: RHB Bob Buckler 0-0: Ball
1-0: Called Strike
1-1: Foul Ball, location: 2F
1-2: Ball
2-2: Strikes out swinging
Batting: RHB Joe Stepnowski 0-0: Called Strike
0-1: Called Strike
0-2: Strikes out swinging
Batting: RHB William Lindsey 0-0: Foul Ball, location: 2F
0-1: SOLO HOME RUN (Flyball, 7D, EV 100.6 MPH), Distance : 400 ft
Batting: SHB Thad Shearing 0-0: Ball
1-0: Ground out 6-3 (Groundball, 6, EV 86.2 MPH)
Bottom of the 6th over - 1 run, 1 hit, 0 errors, 0 left on base; Southern Maryland 3 - Chester 7
TOP OF THE 7TH
Southern Maryland Blue Crabs batting - Pitching for Chester Pirates : RHP Justin Todorovich
Batting: SHB John Hiles 0-0: Called Strike
0-1: Swinging Strike
0-2: Ball
1-2: Foul Ball, location: 2F
1-2: Strikes out swinging
Batting: RHB Andy Valenzuela 0-0: Ground out 5-3 (Groundball, 56S, EV 81.9 MPH)
Batting: RHB Adam Cooper 0-0: Fly out, F7 (Flyball, 78S, EV 90.6 MPH)
Top of the 7th over - 0 runs, 0 hits, 0 errors, 0 left on base; Southern Maryland 3 - Chester 7
BOTTOM OF THE 7TH
Chester Pirates batting - Pitching for Southern Maryland Blue Crabs : RHP Jim Marshall
Batting: RHB Freddy Mulholland 0-0: Called Strike
0-1: Ball
1-1: Fly out, F7 (Flyball, 7, EV 92.5 MPH)
Batting: LHB Sean Driscoll 0-0: Foul Ball, location: 2F
0-1: Foul Ball, location: 2F
0-2: Fly out, F9 (Flyball, 89S, EV 75.0 MPH)
Batting: RHB Edwardo Tanchez 0-0: Called Strike
0-1: Hit by Pitch
Batting: RHB Rafael Galicia 0-0: Ball
1-0: Called Strike
1-1: Ball
2-1: Ball
3-1: Base on Balls
Edwardo Tanchez to second
Pitching: RHP Danny Alvardo
Batting: SHB Mike Corley 0-0: Ball
1-0: Called Strike
1-1: Fly out, F8 (Flyball, 78M, EV 89.4 MPH)
Bottom of the 7th over - 0 runs, 0 hits, 0 errors, 2 left on base; Southern Maryland 3 - Chester 7
TOP OF THE 8TH
Southern Maryland Blue Crabs batting - Pitching for Chester Pirates : RHP Justin Todorovich
Batting: RHB Eddie Morin 0-0: Ball
1-0: Swinging Strike
1-1: Foul Ball, location: 2F
1-2: Foul Ball, location: 2F
1-2: Ball
2-2: Foul Ball, location: 2F
2-2: Foul Ball, location: 2F
2-2: Strikes out swinging
Batting: RHB Oscar Chapa 0-0: Foul Ball, location: 2F
0-1: Ball
1-1: Fly out, F9 (Flyball, 89S, EV 93.1 MPH)
Batting: LHB Stu Proulx 0-0: Swinging Strike
0-1: Foul Ball, location: 2F
0-2: Ball
1-2: Ball
2-2: Foul Ball, location: 2F
2-2: Strikes out swinging
Top of the 8th over - 0 runs, 0 hits, 0 errors, 0 left on base; Southern Maryland 3 - Chester 7
BOTTOM OF THE 8TH
Chester Pirates batting - Pitching for Southern Maryland Blue Crabs : RHP Danny Alvardo
Batting: RHB Bob Buckler 0-0: Ball
1-0: Ball
2-0: Foul Ball, location: 2F
2-1: Ground out 6-3 (Groundball, 6, EV 91.9 MPH)
Batting: RHB Joe Stepnowski 0-0: SINGLE (Flyball, 89S, EV 91.9 MPH)
Batting: RHB William Lindsey 0-0: Called Strike
0-1: SINGLE (Groundball, 56S, EV 70.6 MPH) (infield hit)
Joe Stepnowski to second
Batting: SHB Thad Shearing 0-0: Ball
1-0: Ball
2-0: Fly out, F8 (Line Drive, 8LD, EV 98.1 MPH)
Runner from 2nd tags up, SAFE at 3rd with throw by CF
Batting: RHB Freddy Mulholland 0-0: Fielders Choice at 2nd, 6-4 (Groundball, 6, EV 103.8 MPH)
Bottom of the 8th over - 0 runs, 2 hits, 0 errors, 2 left on base; Southern Maryland 3 - Chester 7
TOP OF THE 9TH
Southern Maryland Blue Crabs batting - Pitching for Chester Pirates : RHP Justin Todorovich
Batting: RHB Dou-wan Pan 0-0: Called Strike
0-1: Ball
1-1: Ball
2-1: Ball
3-1: Foul Ball, location: 2F
3-2: Strikes out looking
Pinch Hitting: RHB Mike Trueblood 0-0: Ball
1-0: Ball
2-0: Ground out 6-3 (Groundball, 6S, EV 91.2 MPH)
Batting: RHB John Lowe 0-0: Ball
1-0: Ground out U3 (Groundball, 13, EV 88.8 MPH)
Top of the 9th over - 0 runs, 0 hits, 0 errors, 0 left on base; Southern Maryland 3 - Chester 7
Sunday, July 16th , 2023 - OOTP Baseball 24.6 Build 69